AoeStats
← 牛牛

Pilgrims

509556028Analyzed
4v4 RM · 5d ago on Sep 27, 2026· 48m 20s· 8 players
Game mode
Random Map
Map size
Large (8 player)
Population
200
Speed
Normal
Resources
Standard
Victory
Conquest
Starting age
Dark Age
Ending age
Imperial Age
RankedLock teamsTeams togetherTeam positionsShared explorationLock speedFull tech treeHidden civsTurbo modeCheats
Victory
Defeat
710
+16
🇨🇳 Huns · China
709
+16
🇹🇼 Koreans · Taiwan
705
+16
🇮🇳 Berbers · India
691
+17
🇨🇳 Koreans · China
772
-20
🇭🇰 Spanish · Hong Kong SAR China
762
-18
🇲🇽 Khmer · Mexico
690
-15
🇭🇰 Huns · Hong Kong SAR China
615
-12
牛牛
15:35 Feudal Age
18:50 Double-Bit Axe
18:47 Horse Collar
26:47 Castle Age
烏鴉
8:47 Loom
13:18 Feudal Age
11:39 Loom
14:30 Double-Bit Axe
16:21 Wheelbarrow
16:35 Town Watch
19:12 Fletching
22:08 Castle Age
22:16 Stone Mining
22:17 Gold Mining
22:32 Scale Mail Armor
23:22 Scale Barding Armor
26:46 Treadmill Crane
27:28 Ballistics
27:13 Murder Holes
29:30 Eupseong
30:14 Husbandry
31:00 Bodkin Arrow
33:30 Town Patrol
40:15 Imperial Age
40:05 Stone Shaft Mining
41:16 Hand Cart
41:10 Light Cavalry
44:51 Bow Saw
47:35 Conscription
我真的不是周杰伦
11:07 Feudal Age
12:27 Wheelbarrow
13:27 Double-Bit Axe
17:30 Gold Mining
20:25 Castle Age
19:31 Bloodlines
19:22 Horse Collar
21:02 Scale Barding Armor
22:16 Hand Cart
26:36 Heavy Plow
28:33 Light Cavalry
35:27 Imperial Age
33:47 Husbandry
39:44 Hussar
40:44 Double Crossbow
44:11 Bow Saw
49:02 Gold Shaft Mining
48:17 Stone Mining
betalbaadshah
6:06 Loom
14:38 Feudal Age
15:37 Double-Bit Axe
16:01 Horse Collar
17:36 Wheelbarrow
16:51 Town Watch
17:31 Fishing Lines
25:00 Castle Age
23:09 Scale Barding Armor
23:05 Padded Archer Armor
24:39 Gold Mining
24:45 Stone Mining
25:46 Scale Mail Armor
25:56 Forging
25:40 Fletching
26:48 Hand Cart
26:34 Town Patrol
30:44 Arson
30:59 Squires
30:20 Pikeman
31:04 Kasbah
32:36 Bow Saw
32:38 Town Patrol
35:42 Husbandry
35:52 Bloodlines
37:58 Chain Barding Armor
37:53 Leather Archer Armor
37:34 Bodkin Arrow
42:01 Light Cavalry
47:23 Imperial Age
46:11 Heavy Plow
46:03 Man-at-Arms
Queen
7:51 Loom
17:32 Feudal Age
20:04 Wheelbarrow
19:19 Horse Collar
19:35 Stone Mining
19:38 Gold Mining
25:54 Bloodlines
784f22fd
15:39 Feudal Age
23:21 Double-Bit Axe
31:19 Castle Age
33:25 Squires
33:38 Forging
39:31 Wheelbarrow
39:38 Iron Casting
38:57 Fletching
42:26 Stone Mining
45:50 Fishing Lines
48:55 Imperial Age
三十秒必射觀音手
8:14 Loom
15:11 Feudal Age
15:52 Double-Bit Axe
16:11 Fishing Lines
18:34 Wheelbarrow
19:17 Fletching
27:12 Horse Collar
33:37 Castle Age
35:00 Hand Cart
34:58 Bow Saw
34:55 Heavy Plow
35:24 Gillnets
42:35 Imperial Age
43:15 Padded Archer Armor
45:06 Chemistry
44:41 Town Watch
46:34 Two-Man Saw
46:18 Shipwright
45:26 Elite Cannon Galleon
murphyrh
10:09 Feudal Age
8:26 Loom
11:18 Fishing Lines
18:35 Castle Age
19:52 Medium Warships
20:16 Town Watch
21:56 Husbandry
22:08 Bloodlines
25:16 Gillnets
25:52 Light Cavalry
30:16 Double-Bit Axe
30:14 Horse Collar
30:40 Gold Mining
30:41 Stone Mining
32:15 Wheelbarrow
31:41 Town Patrol
31:45 Heavy Plow
33:39 Gold Shaft Mining
35:33 Hand Cart
35:59 Stone Shaft Mining
36:21 Coinage
39:36 Bow Saw
40:41 Ballistics
43:54 Imperial Age
43:00 Murder Holes
45:48 Heavy Scorpion
47:47 Chemistry
Connection lost

Rejoining the realm…

Still unreachable

The connection could not be restored.

Session expired

The server has moved on; the page needs a fresh start.